 Dungeon Crawl Stone Soup version 0.31-a0-150-g89dc3ad700 (webtiles) character file.

Game seed: 14830363383080306837

113 lunkers the Cudgeller (level 5, 38/38 (41) HPs)
             Began as a Meteoran Reaver on June 8, 2023.
             Was a Believer of Fedhas.
             Quit the game on level 4 of the Dungeon.
             The game lasted 00:05:39 (1594 turns).

lunkers the Cudgeller (Meteoran Reaver)             Turns: 1594, Time: 00:05:40

HP:   38/38 (41)    AC:  5    Str: 16    XL:     5   Next: 41%
MP:   10/10         EV: 11    Int: 14    God:    Fedhas [**....]
Gold: 199           SH:  0    Dex: 12    Spells: 8/9 levels left

rFire   . . .        a - +0 mace
rCold   . . .        (no shield)
rNeg    . . .        e - +0 ring mail
rPois   .            (no helmet)
rElec   .            (no cloak)
rCorr   .            (no gloves)
SInv    .            (no boots)
Will    .....        (no amulet)
Stlth   +            (no ring)
HPRegen 0.26/turn    (no ring)
MPRegen 0.12/turn

%: no passive effects
@: glowing, drained
A: sense surroundings 1, otherworldly, glowing, explore regen
a: Renounce Religion, Wall of Briars


You were on level 4 of the Dungeon.
You worshipped Fedhas.
Fedhas was pleased with you.
You visited 1 branch of the dungeon, and saw 4 of its levels.

You collected 199 gold pieces.

Inventory:

Hand Weapons
 a - a +0 mace (weapon)
Armour
 b - a +0 leather armour
 e - a +0 ring mail (worn)
Wands
 f - a wand of charming (2)
 h - a wand of flame (10)
Scrolls
 i - 2 scrolls of identify
Potions
 c - a potion of curing
 d - a potion of ambrosia {unknown}
 g - a potion of heal wounds {unknown}
 j - 2 potions of enlightenment {unknown}


   Skills:
 - Level 2.1 Fighting
 + Level 7.2 Maces & Flails
 - Level 2.4 Dodging
 - Level 2.6 Spellcasting
 - Level 3.6 Conjurations


You had 8 spell levels left.
You knew the following spells:

 Your Spells              Type           Power      Damage    Failure   Level
p - Kiss of Death         Conj/Necr      24%        2d7       21%         1

Your spell library contained the following spells:

 Spells                   Type           Power      Damage    Failure   Level
 Momentum Strike          Conj/Tloc      12%        3d8       30%         2
 Hailstorm                Conj/Ice       6%         3d4       52%         3
 Ignite Poison            Fire/Tmut/Pois 1%         N/A       77%         3
 Sticky Flame             Conj/Fire      6%         2d3       90%         4
 Ignition                 Fire           0%         3d3       100%        8


Dungeon Overview and Level Annotations

Branches:
Dungeon (4/15) Zot: 783    Temple (0/1) D:4

Altars:
Elyvilon
Fedhas
Okawaru
Ru
Sif Muna
The Shining One

Shops:
D:1 [


Innate Abilities, Weirdness & Mutations

You passively map a small area around you.
You are easily found by Zot.
You glow in the dark.
You regain HP and MP as you explore.


Message History

Items here: ))))) [[[ ††.
You now have 195 gold pieces (gained 14).
Found a leather armour.
Found a ring mail.
No target in view!
You see here a +0 ring mail.
You now have 199 gold pieces (gained 4).
There is a fountain of sparkling water here.
There is a fountain of clear blue water here.
An endoplasm comes into view.
Found a staircase to the Ecumenical Temple.
There is a fountain of clear blue water here.
The endoplasm freezes you.
You are frozen.
You hit the endoplasm.
You kill the endoplasm!
Fedhas accepts your kill.
No target in view!
No target in view!
No target in view!
No target in view!
No target in view!
No target in view!
No target in view!
No target in view!
No target in view!
No target in view!
No target in view!
No target in view!
There is a fountain of sparkling water here.
Found a buckler.
No target in view!
i - 2 scrolls of identify (gained 1)
Found a robe.
No target in view!
Found a stone staircase leading up.
No target in view!
Are you sure you want to abandon this character and quit the game? (Confirm with "yes".)
Okay, then.
Are you sure you want to abandon this character and quit the game? (Confirm with "yes".)

#####.# #...#.............
#.[...# #...########....##
#.....# #...# ##....##
#.....###### #...# ##.#.....
#..........#####...######.###..##
#.....####............[..## ##.##
..#.#.##...........>....## ##..
..#......#...............#####.##
..###.#..#.#####@..######..##....
..###...)...# #...# ##.....##
)........##.# #...# ###.#'#.#
.#####...##.# #..[# #...#.#.#
.........##.# #...# #...#.#.##
######...##.######.# #...#.#...
### #..#..........# #..##.##.#
..####.###..#####.<# #..#...#.#
#.....## ##....#, , #..#._.#.#


There were no monsters in sight!

Vanquished Creatures
  Ijyb (D:3)
  2 adders (D:3)
  2 dart slugs
  7 orcs
  9 ball pythons
  5 endoplasms
  5 hobgoblins
  4 jackals (D:1)
  2 quokkas
  3 bats
  2 frilled lizards
  7 goblins
  7 kobolds
  3 rats
59 creatures vanquished.

Notes
Turn   | Place    | Note
-------+----------+-------------------------------------------
     0 | D:1      | lunkers the Meteoran Reaver began the quest for the Orb.
     0 | D:1      | Reached XP level 1. HP: 17/17 MP: 5/5
    38 | D:1      | Found a faded altar of an unknown god.
    72 | D:1      | Prayed at the altar of an unknown god.
    72 | D:1      | Became a worshipper of Fedhas Madash
    72 | D:1      | Reached * piety under Fedhas
    96 | D:1      | Found Qeydyatoi's Antique Armour Shop.
   168 | D:1      | Reached XP level 2. HP: 9/24 MP: 6/6
   254 | D:1      | Reached skill level 5 in Maces & Flails
   298 | D:1      | Reached XP level 3. HP: 29/29 MP: 8/8
   658 | D:3      | Reached ** piety under Fedhas
   675 | D:3      | Found a blossoming altar of Fedhas.
   676 | D:3      | Found a white marble altar of Elyvilon.
   715 | D:3      | Reached XP level 4. HP: 23/36 MP: 9/9
   761 | D:3      | Reached skill level 6 in Maces & Flails
   829 | D:3      | Found a faded altar of an unknown god.
   829 | D:3      | Noticed Ijyb
   837 | D:3      | Killed Ijyb
   840 | D:3      | Found a sacrificial altar of Ru.
   903 | D:3      | Found a shimmering blue altar of Sif Muna.
  1018 | D:3      | Reached XP level 5. HP: 34/35 MP: 10/10
  1110 | D:3      | Reached skill level 7 in Maces & Flails
  1324 | D:4      | Found a glowing golden altar of the Shining One.
  1392 | D:4      | Found an iron altar of Okawaru.
  1532 | D:4      | Found a staircase to the Ecumenical Temple.
  1594 | D:4      | Quit the game

Illustrated notes

Levels and vault maps discovered:
D:1:      nicolae_arrival_washed_ashore, layout_loops_corners, serial_shops,
          shop, dreamdust_ecumenical_altar_grove
D:2:      layout_basic
D:3:      layout_loops_cross, jmf_multi_god_temple,
          nicolae_overflow_ecumenical_swirl, lemuel_blue_sif_altar,
          marbit_many_paths, minmay_misc_feat_x, uniq_ijyb
D:4:      layout_loops_cross, lemuel_doored_altar,
          mainiacjoe_overflow_surrounded_room, minmay_temple_entry_nine_rooms,
          uniq_sigmund

Skill      XL: |  1  2  3  4  5 |
---------------+----------------+-----
Maces & Flails | 5 6 7 |  7.2
Fighting       | |  2.1
Dodging        | |  2.4
Spellcasting   | |  2.6
Conjurations   | |  3.6

Action                     |  1- 3 |  4- 6 || total
---------------------------+-------+-------++-------
  Melee: Mace              |   111 |    98 ||   209
         Punch             |       |     1 ||     1
   Cast: Kiss of Death     |       |     2 ||     2
    Use: Scroll            |     1 |       ||     1
 Armour: Leather armour    |    25 |       ||    25
         Ring mail         |    22 |    23 ||    45
  Dodge: Dodged            |    70 |    51 ||   121

Table legend: (Time is in decaauts)
 A = Elapsed time spent in this place.
 B = Non-inter-level travel time spent in this place.
 C = Inter-level travel time spent in this place.
 D = Time resting spent in this place.
 E = Time spent auto-exploring this place.
 F = Levels seen in this place.
 G = Mean time per level.
                   A        B        C        D        E       F      G
               +--------+--------+--------+--------+--------+-----+--------+
         Total |   1616 |   1510 |    106 |      0 |    685 |   4 |  404.0 |
       Dungeon |   1616 |   1510 |    106 |      0 |    685 |   4 |  404.0 |
               +--------+--------+--------+--------+--------+-----+--------+

Top non-repeatable levels by time:
     D:3: 545 daAuts
     D:4: 426 daAuts
     D:1: 371 daAuts
     D:2: 273 daAuts
